 Dungeon Crawl Stone Soup version 0.31-a0-75-g6fe912e8c5 (webtiles) character file.

Game seed: 8504892457787480508

16 lunkers the Firebug (level 2, -1/23 HPs)
             Began as a Meteoran Wanderer on May 23, 2023.
             Slain by a jackal (3 damage)
             ... on level 2 of the Dungeon.
             The game lasted 00:03:08 (613 turns).

lunkers the Firebug (Meteoran Wanderer)              Turns: 613, Time: 00:03:08

Health: -1/23      AC:  2    Str: 12    XL:     2   Next: 94%
Magic:  4/5        EV: 11    Int: 15    God:
Gold:   33         SH:  0    Dex: 12    Spells: 2/3 levels left

rFire   . . .        a - +0 dagger
rCold   . . .        (no shield)
rNeg    . . .        d - +0 robe
rPois   .            (no helmet)
rElec   .            (no cloak)
rCorr   .            (no gloves)
SInv    .            (no boots)
Will    .....        (no amulet)
Stlth   +            (no ring)
HPRegen 0.23/turn    (no ring)
MPRegen 0.09/turn

%: no passive effects
@: glowing
A: sense surroundings 1, otherworldly, glowing, explore regen
a: no special abilities


You were on level 2 of the Dungeon.
You visited 1 branch of the dungeon, and saw 2 of its levels.

You collected 33 gold pieces.

Inventory:

Hand Weapons
 a - a +0 dagger (weapon)
Missiles
 b - 13 poisoned darts
Armour
 d - a +0 robe (worn)
Scrolls
 c - a scroll of fog
 e - 2 scrolls of teleportation {unknown}
 f - 2 scrolls of identify {unknown}


   Skills:
 - Level 1.1 Fighting
 - Level 2.1 Short Blades
 - Level 2.4 Throwing
 - Level 1.2 Armour
 + Level 1.4 Spellcasting
 + Level 0.1 Conjurations
 - Level 1.1 Necromancy
 * Level 3.7 Fire Magic
 - Level 1.2 Evocations


You had 2 spell levels left.
You knew the following spells:

 Your Spells              Type           Power      Damage    Failure   Level
p - Foxfire               Conj/Fire      24%        2x1d5     12%         1

Your spell library contained the following spells:

 Spells                   Type           Power      Damage    Failure   Level
 Sublimation of Blood     Necr           4%         N/A       22%         2
 Cigotuvi's Dreadful Rot  Necr/Pois/Air  2%         N/A       34%         2
 Inner Flame              Hex/Fire       6%         N/A       34%         3
 Volatile Blastmotes      Fire/Tloc      12%        2d11      34%         3
 Animate Dead             Necr           4%         N/A       83%         4
 Borgnjor's Vile Clutch   Necr/Erth      1%         N/A       99%         5
 Death Channel            Necr           2%         N/A       100%        6


Dungeon Overview and Level Annotations

Branches:
Dungeon (2/15) Zot: 588

Altars:


Innate Abilities, Weirdness & Mutations

You passively map a small area around you.
You are easily found by Zot.
You glow in the dark.
You regain HP and MP as you explore.


Message History

The jackal attacks as you move away! The jackal bites you.
The jackal barely misses you. The jackal closely misses you.
The jackal bites you. The jackal attacks as you move away!
The jackal barely misses you. The jackal attacks as you move away!
The jackal barely misses you.
You barely miss the jackal. The jackal bites you.
You hit the jackal but do no damage.
The jackal is heavily wounded.
The jackal bites you.
* * * LOW HITPOINT WARNING * * *
The jackal bites you but does no damage.
Casting: Foxfire (safe; 12% risk of failure)
Press: ? - help, Q - select action, (/) - cycle Dir - look around, f - activate You conjure some foxfire!
The jackal bites you but does no damage.
The jackal bites you.
* * * LOW HITPOINT WARNING * * *
The jackal bites you.
* * * LOW HITPOINT WARNING * * *
The jackal barely misses you. The jackal bites you.
* * * LOW HITPOINT WARNING * * *
Unknown command.
The foxfire hits the jackal.
The jackal is almost dead.
The jackal bites you.
* * * LOW HITPOINT WARNING * * *
The jackal bites you.
* * * LOW HITPOINT WARNING * * *
You aren't carrying any potions.
Unknown command.
You barely miss the jackal. The jackal bites you.
* * * LOW HITPOINT WARNING * * *
You hit the jackal.
The jackal is lightly wounded.
The jackal closely misses you.
You hit the jackal but do no damage.
The jackal is lightly wounded.
The jackal bites you.
You die...

#.######.#..#.#
#########.#
####.#.##.#
#.......#[#
#....#[...#
#.......#.#
#.#########
,#.......#.# #.######
,+.......#.###......#
#.......<.†..hh###.#
#.......#...v#h# #.#
,#........#.#.#@# #h#
##.#####.#.#.#.# #h#
, #.* , #.#.#.#.# #h#
* #.* ,..#.#.#.# #.#
,., , #.#.#.#.# #.# #
##,#.#.# #.# , , ,
#.# #.# ..>$....# **
##.[#####


You could see 3 jackals.

Vanquished Creatures
  A dart slug (D:2)
  A ball python (D:1)
  An endoplasm (D:1)
  A goblin (D:1)
  2 hobgoblins (D:1)
  2 bats (D:1)
  2 frilled lizards (D:1)
  4 rats (D:1)
14 creatures vanquished.

Vanquished Creatures (others)
  23 foxfires
23 creatures vanquished.

Grand Total: 37 creatures vanquished

Notes
Turn   | Place    | Note
-------+----------+-------------------------------------------
     0 | D:1      | lunkers the Meteoran Wanderer began the quest for the Orb.
     0 | D:1      | lunkers set off with the following items: a +0 dagger, 13
                  | poisoned darts, a scroll of fog, a +0 robe; and the
                  | following spell memorised: Foxfire; and the following
                  | spells available to memorise: Sublimation of Blood,
                  | Cigotuvi's Dreadful Rot, Inner Flame, Volatile Blastmotes.
     0 | D:1      | Reached XP level 1. HP: 16/16 MP: 3/3
    95 | D:1      | Reached skill level 1 in Short Blades
   106 | D:1      | Reached XP level 2. HP: 17/23 MP: 0/5
   501 | D:1      | Glimpsed the power of Zot.
   611 | D:2      | HP: 1/23 [jackal (2)]
   613 | D:2      | Slain by a jackal

Illustrated notes

Levels and vault maps discovered:
D:1:      dpeg_arrival_tiny_h, layout_loops_ring
D:2:      layout_basic, hangedman_decor_peaks_small,
          nicolae_concentric_dashed_squares_wild

Skill      XL: |  1  2 |
---------------+-------+-----
Short Blades   | 1 2 |  2.1
Fighting       | |  1.1
Throwing       | |  2.4
Armour         | |  1.2
Spellcasting   | |  1.4
Conjurations   | |  0.1
Necromancy     | |  1.1
Fire Magic     | |  3.7
Evocations     | |  1.2

Action                     || total
---------------------------++-------
  Melee: Dagger            ||    27
   Cast: Foxfire           ||    21
 Armour: Robe              ||     5
  Dodge: Dodged            ||    16

Table legend: (Time is in decaauts)
 A = Elapsed time spent in this place.
 B = Non-inter-level travel time spent in this place.
 C = Inter-level travel time spent in this place.
 D = Time resting spent in this place.
 E = Time spent auto-exploring this place.
 F = Levels seen in this place.
 G = Mean time per level.
                   A        B        C        D        E       F      G
               +--------+--------+--------+--------+--------+-----+--------+
         Total |    610 |    587 |     23 |      0 |    480 |   2 |  305.0 |
       Dungeon |    610 |    587 |     23 |      0 |    480 |   2 |  305.0 |
               +--------+--------+--------+--------+--------+-----+--------+

Top non-repeatable levels by time:
     D:1: 524 daAuts
     D:2: 86 daAuts
